 Dungeon Sprint DCSS version 0.29-a0-613-gf2c431b9b9 (webtiles) character file.

Game seed: 12346517509277025215

15316 mhtbhm the Worldbinder (level 12, -12/65 HPs)
             Began as a Tengu Summoner on June 16, 2022.
             Was an Initiate of Gozag.
             Succumbed to a death drake's dark miasma
             ... in the Dungeon (Sprint III: "The Ten Rune Challenge").
             The game lasted 00:21:00 (4906 turns).

mhtbhm the Worldbinder (Tengu Summoner)             Turns: 4906, Time: 00:21:01

Health: -12/65     AC:  4    Str:  8    XL:     12   Next: 25%
Magic:  28/34      EV: 18    Int: 21    God:    Gozag
Gold:   5749       SH:  0    Dex: 15    Spells: 9/46 levels left

rFire   + . .      SeeInvis .   m - +2 dagger (speed)
rCold   + . .      Faith    .   (no shield)
rNeg    . . .      Spirit   .   a - +2 robe {rC+ rF+}
rPois   .          Reflect  .   (helmet restricted)
rElec   .          Harm     .   (no cloak)
rCorr   .          Rampage  .   (no gloves)
Will    .....      NoTele   +   (boots unavailable)
Stlth   ++++......              (no amulet)
HPRegen 0.20/turn               (no ring)
MPRegen 0.24/turn               (no ring)

@: lethally poisoned (-12 -> -58), flying quickly and evasively, hasted and
slowed, quick
A: beak, talons 3, nimble flight
a: Renounce Religion, Potion Petition, Call Merchant, Bribe Branch


You were in the Dungeon.
You worshipped Gozag.
Gozag was greatly pleased with you.
You visited 1 branch You collected 7680 gold pieces.
You spent 1012 gold pieces at shops.
You paid 919 gold pieces to Gozag.

Inventory:

Hand Weapons
 m - a +2 dagger of speed (weapon)
Missiles
 g - 5 silver javelins
Armour
 a - a +2 robe of resistance (worn)
Wands
 c - a wand of light (7)
Scrolls
 e - a scroll of poison {unknown}
 f - a scroll of fog {unknown}
 h - a scroll of torment {unknown}
 i - a scroll of identify {unknown}
Potions
 b - 3 potions of magic
 j - a potion of might
 k - 9 potions of mutation
 l - a potion of attraction {unknown}
Miscellaneous
 d - a condenser vane


   Skills:
 + Level 3.6 Fighting
 + Level 2.3 Short Blades
 + Level 7.6 Dodging
 + Level 7.6 Stealth
 + Level 3.2 Unarmed Combat
 + Level 17.7 Spellcasting
 + Level 4.0 Hexes
 + Level 21.9 Summonings
 + Level 2.9 Ice Magic
 + Level 11.2 Air Magic
 + Level 2.6 Evocations


You had 9 spell levels left.
You knew the following spells:

 Your Spells              Type           Power      Damage    Failure   Level
a - Summon Small Mammal   Summ           100%       N/A       0%          1
b - Call Imp              Summ           84%        N/A       0%          2
c - Call Canine Familiar  Summ           84%        N/A       0%          3
d - Summon Guardian Gole  Hex/Summ       65%        N/A       1%          3
e - Summon Lightning Spi  Summ/Air       73%        N/A       1%          4
f - Passwall              Tmut/Erth      15%        N/A       4%          2
g - Summon Ice Beast      Ice/Summ       63%        N/A       1%          4
h - Summon Cactus Giant   Summ           42%        N/A       1%          6
i - Monstrous Menagerie   Summ           42%        N/A       1%          7
j - Summon Forest         Summ/Tloc      29%        N/A       1%          5

Your spell library contained the following spells:

 Spells                   Type           Power      Damage    Failure   Level
 Summon Mana Viper        Hex/Summ       65%        N/A       1%          5
 Sandblast                Erth           36%        2d10      3%          1
 Stone Arrow              Conj/Erth      36%        3d9       9%          3


Dungeon Overview and Level Annotations

Branches:
Dungeon (1/1)

Altars:
Cheibriados
Dithmenos
Elyvilon
Fedhas
Gozag
Hepliaklqana
Kikubaaqudgha
Makhleb
Nemelex Xobeh
Okawaru
Qazlal
Ru
Sif Muna
Trog
Uskayaw
Vehumet
Wu Jian
Xom
Yredelemnul
Zin
The Shining One
Beogh
Jiyva
Lugonu

Shops:
D !:


Innate Abilities, Weirdness & Mutations

You have a beak for a mouth.
You have claws for feet.
Your magical nature lets you fly swiftly and evasively.


Message History

A death drake is nearby!
The helpless death drake fails to defend itself.
You impale the death drake!! You claw the death drake.
The death drake is heavily wounded.
The death drake breathes miasma at you. The foul vapour engulfs you!
You are poisoned.
Unknown command.
Okay, then.
Casting: Monstrous Menagerie (dangerous; 1% risk of failure)
Confirm with . or Enter, or press ? or * to list all spells.
Okay, then.
Casting: Monstrous Menagerie (dangerous; 1% risk of failure)
Confirm with . or Enter, or press ? or * to list all spells.
You are engulfed in dark miasma.
You are more poisoned.
You feel yourself slow down.
You feel extremely sick.
The death drake bites you but does no damage.
Unknown command.
The death drake attacks as you move away!
The death drake bites you!
You are engulfed in dark miasma.
You are more poisoned.
* * * LOW HITPOINT WARNING * * *
You feel extremely sick.
Your cactus giant is engulfed in dark miasma.
The death drake bites you.
* * * LOW HITPOINT WARNING * * *
Unknown command. [a] - 220 gold - haste [b] - 210 gold - resistance [c] - 250 gold - haste Purchase which effect? [a] - 220 gold - haste [b] - 210 gold - resistance [c] - 250 gold - haste Purchase which effect?
You feel yourself speed up.
You die...
Your body crumbles into a pile of gold.

♣♣♣♣♣♣#.)♣♣ ♣♣♣##+###
###'♣♣♣♣♣♣♣♣♣♣♣♣♣♣♣
♣♣...##C.##≈≈≈≈≈≈..#$$
♣...##.##.#≈≈≈≈≈...#$$
♣♣.##H##.##'≈≈≈≈°###
♣..#.##...#≈≈....○○☼
♣♣.##.##..#≈..+#####
♣♣.##.#####...#
♣.....##.k@C..#
########+###### $


You could see a death drake (ally target) and a friendly cactus giant
(summoned).

Vanquished Creatures
  3 orc high priests (D)
  An orc sorcerer (D)
  An unseen horror (D)
  2 blink frogs (D)
  An orc warrior (D)
  11 killer bees (D)
  An orc wizard (D)
  3 humans (D)
  9 orcs (D)
32 creatures vanquished.

Vanquished Creatures (collateral kills)
  Josephine (D)
  2 hydras (D)
  A centaur warrior (D)
  Urug (D)
  2 deep elf knights (D)
  A lindwurm (D)
  2 deep elf zephyrmancers (D)
  2 deep elf pyromancers (D)
  2 cane toads (D)
  An unseen horror (D)
  A komodo dragon (D)
  A rime drake (D)
  A queen bee (D)
  2 tyrant leeches (D)
  3 wandering mushrooms (D)
  3 blink frogs (D)
  3 redbacks (D)
  A spatial vortex (D)
  An orc warrior (D)
  A swamp drake (D)
  2 centaurs (D)
  An earth elemental (D)
  A necrophage (D)
  A water elemental (D)
  19 killer bees (D)
  An electric eel (D)
  A wizard (D)
  A necromancer (D)
  A kobold demonologist (D)
  A phantom (D)
  2 orcs (D)
  4 rats (D)
67 creatures vanquished.

Vanquished Creatures (others)
  A shadow (D)
  2 killer bees (D)
  A jelly (D)
4 creatures vanquished.

Grand Total: 103 creatures vanquished

Notes
Turn   | Place    | Note
-------+----------+-------------------------------------------
     0 | D        | mhtbhm the Tengu Summoner began the quest for the Orb.
     0 | D        | Reached XP level 1. HP: 10/10 MP: 4/4
    16 | D        | Reached skill level 5 in Summonings
   220 | D        | Reached skill level 7 in Summonings
   220 | D        | Reached XP level 2. HP: 7/15 MP: 1/6
   421 | D        | Learned a level 2 spell: Call Imp
   434 | D        | Reached XP level 3. HP: 19/19 MP: 3/8
   461 | D        | Learned a level 3 spell: Call Canine Familiar
   483 | D        | Noticed a water elemental
   507 | D        | Killed a water elemental
   508 | D        | Reached skill level 1 in Unarmed Combat
   508 | D        | Reached skill level 8 in Summonings
   508 | D        | Reached XP level 4. HP: 3/24 MP: 0/11
   773 | D        | Learned a level 3 spell: Summon Guardian Golem
   796 | D        | Noticed a shadow
   804 | D        | Reached skill level 5 in Spellcasting
   804 | D        | Reached skill level 9 in Summonings
   804 | D        | Killed a shadow
   805 | D        | Reached skill level 11 in Summonings
   805 | D        | Gained mutation: Your magical nature lets you fly swiftly
                  | and evasively. [Tengu growth]
   805 | D        | Reached XP level 5. HP: 28/28 MP: 2/15
   805 | D        | Reached XP level 6. HP: 33/33 MP: 2/16
   905 | D        | Learned a level 4 spell: Summon Lightning Spire
   914 | D        | Found a blossoming altar of Fedhas.
   914 | D        | Found a stormy altar of Qazlal.
   914 | D        | Found a snail-covered altar of Cheibriados.
   914 | D        | Found a burning altar of Makhleb.
   914 | D        | Found a shimmering altar of Xom.
   914 | D        | Noticed a spatial vortex
   918 | D        | Found a hazy altar of Hepliaklqana.
   918 | D        | Found an opulent altar of Gozag.
   918 | D        | Found a sparkling altar of Nemelex Xobeh.
   918 | D        | Found a corrupted altar of Lugonu.
   918 | D        | Found a viscous altar of Jiyva.
   925 | D        | Killed a spatial vortex
   926 | D        | Reached skill level 12 in Summonings
   932 | D        | Became a worshipper of Gozag Ym Sagoz the Greedy
  1018 | D        | Found a basalt altar of Yredelemnul.
  1018 | D        | Found a shadowy altar of Dithmenos.
  1018 | D        | Found a sacrificial altar of Ru.
  1025 | D        | Reached skill level 1 in Air Magic
  1027 | D        | Reached skill level 13 in Summonings
  1027 | D        | Reached XP level 7. HP: 37/37 MP: 5/19
  1035 | D        | Found a radiant altar of Vehumet.
  1035 | D        | Found a shimmering blue altar of Sif Muna.
  1035 | D        | Found an ancient bone altar of Kikubaaqudgha.
  1038 | D        | Reached skill level 1 in Fighting
  1038 | D        | Reached skill level 1 in Hexes
  1041 | D        | Noticed an ice devil
  1160 | D        | Learned a level 2 spell: Passwall
  1178 | D        | Found a glowing silver altar of Zin.
  1178 | D        | Found a glowing golden altar of the Shining One.
  1178 | D        | Found a white marble altar of Elyvilon.
  1178 | D        | Noticed a deep elf pyromancer
  1186 | D        | Killed a deep elf pyromancer
  1187 | D        | Reached skill level 10 in Spellcasting
  1187 | D        | Reached skill level 14 in Summonings
  1187 | D        | Reached XP level 8. HP: 43/43 MP: 13/23
  1187 | D        | Found a hide-covered altar of Uskayaw.
  1187 | D        | Found an iron altar of Okawaru.
  1187 | D        | Found a bloodstained altar of Trog.
  1187 | D        | Found an ornate altar of the Wu Jian Council.
  1200 | D        | Reached skill level 15 in Summonings
  1314 | D        | Noticed Josephine
  1339 | D        | Killed Josephine
  1340 | D        | Reached skill level 16 in Summonings
  1340 | D        | Reached skill level 5 in Air Magic
  1340 | D        | Reached XP level 9. HP: 21/47 MP: 1/25
  1861 | D        | Noticed a centaur warrior
  1885 | D        | Killed a centaur warrior
  1886 | D        | Reached skill level 17 in Summonings
  2010 | D        | Killed an unseen horror
  2297 | D        | Noticed a wandering mushroom
  2301 | D        | Noticed a wandering mushroom
  2306 | D        | Killed a wandering mushroom
  2307 | D        | Killed a wandering mushroom
  2307 | D        | Killed a wandering mushroom
  2308 | D        | Reached XP level 10. HP: 53/53 MP: 23/28
  2370 | D        | Reached skill level 18 in Summonings
  2379 | D        | Reached skill level 1 in Evocations
  2381 | D        | Reached skill level 5 in Dodging
  2382 | D        | Reached skill level 5 in Stealth
  2387 | D        | Reached skill level 1 in Short Blades
  2500 | D        | Noticed an orc high priest
  2501 | D        | Found Naori's Distillery.
  2501 | D        | Noticed an orc high priest
  2501 | D        | Noticed an orc sorcerer
  2501 | D        | Noticed an orc high priest
  2502 | D        | Noticed an orange demon
  2505 | D        | Killed an orc high priest
  2505 | D        | Killed an orc sorcerer
  2506 | D        | Killed an orc high priest
  2507 | D        | Reached skill level 19 in Summonings
  2507 | D        | Reached XP level 11. HP: 60/60 MP: 19/30
  2508 | D        | Killed an orc high priest
  2509 | D        | Reached skill level 15 in Spellcasting
  2509 | D        | Reached skill level 10 in Air Magic
  2735 | D        | Bought a potion of heal wounds for 50 gold pieces
  2735 | D        | Bought a potion of heal wounds for 50 gold pieces
  2800 | D        | Bought a book of Beasts for 456 gold pieces
  2800 | D        | Bought a book of the Wilderness for 456 gold pieces
  2805 | D        | Learned a level 4 spell: Summon Ice Beast
  2812 | D        | Learned a level 6 spell: Summon Cactus Giant
  2820 | D        | Learned a level 7 spell: Monstrous Menagerie
  2826 | D        | Learned a level 5 spell: Summon Forest
  2835 | D        | Noticed a deep elf zephyrmancer
  2835 | D        | Noticed a deep elf knight
  2835 | D        | Noticed a deep elf zephyrmancer
  2835 | D        | Noticed a deep elf pyromancer
  2835 | D        | Noticed a deep elf knight
  2855 | D        | Killed a deep elf zephyrmancer
  2862 | D        | Killed a deep elf knight
  2863 | D        | Killed a deep elf zephyrmancer
  2878 | D        | Killed a deep elf pyromancer
  2879 | D        | Reached skill level 20 in Summonings
  2934 | D        | Killed a deep elf knight
  2935 | D        | Reached skill level 1 in Ice Magic
  3758 | D        | Reached skill level 21 in Summonings
  3771 | D        | Noticed a lindwurm
  3778 | D        | Killed a lindwurm
  3779 | D        | Reached XP level 12. HP: 64/64 MP: 9/34
  4314 | D        | Noticed Urug
  4351 | D        | Killed Urug
  4624 | D        | Noticed a four-headed hydra
  4624 | D        | Noticed a five-headed hydra
  4635 | D        | Killed a four-headed hydra
  4831 | D        | Killed a five-headed hydra
  4905 | D        | HP: 1/65 [death drake (3)]
  4906 | D        | Succumbed to a death drake's dark miasma

Illustrated notes

Levels and vault maps discovered:
D:        dungeon_sprint_mu [sprint_mu_entry_cave, sprint_mu_temple_rooms,
          sprint_mu_d1_horrors, sprint_mu_d2_genie, sprint_mu_d3_branching,
          sprint_mu_orc_legion, sprint_mu_elf_gauntlet, sprint_mu_hive_nellie,
          sprint_mu_lair_fedhas, sprint_mu_vaults_butterflies,
          sprint_mu_slime_circle, sprint_mu_swamp_cave, sprint_mu_snake_twists,
          sprint_mu_blade_basic, sprint_mu_crypt_fortress,
          sprint_mu_tomb_spiral, sprint_mu_vestibule_basic,
          sprint_mu_gehenna_hellfire, sprint_mu_dis_giant,
          sprint_mu_tartarus_statrot, sprint_mu_cocytus_islands, sprint_mu_zot1]

Skill      XL: |  1  2  3  4  5  6  7  8  9 10 11 |
---------------+----------------------------------+-----
Summonings     | 7 8 11 13 14 16 17 19 21 | 21.9
Spellcasting   | 3 4 6 8 10 11 13 14 17 | 17.7
Dodging        | 3 4 6 7 |  7.6
Stealth        | 3 4 6 7 |  7.6
Unarmed Combat | 1 2 3 |  3.2
Air Magic      | 1 3 5 7 9 11 | 11.2
Fighting       | 1 3 |  3.6
Hexes          | 1 2 3 4 |  4.0
Evocations     | 1 2 |  2.6
Short Blades   | 1 2 |  2.3
Ice Magic      | 2 |  2.9

Action                   |  1- 3 |  4- 6 |  7- 9 | 10-12 || total
-------------------------+-------+-------+-------+-------++-------
Melee: Unarmed           |    11 |       |     2 |       ||    13
       Peck              |     1 |       |       |     5 ||     6
       Kick              |       |       |     2 |    14 ||    16
       Dagger            |       |       |     1 |    29 ||    30
 Cast: Summon Small Mamm |    16 |     6 |     9 |       ||    31
       Call Imp          |     3 |     3 |     4 |     4 ||    14
       Call Canine Famil |     1 |     3 |     6 |     7 ||    17
       Summon Guardian G |       |     3 |     8 |     2 ||    13
       Summon Lightning  |       |     2 |    13 |    16 ||    31
       Summon Cactus Gia |       |       |       |    12 ||    12
       Summon Ice Beast  |       |       |       |    10 ||    10
       Monstrous Menager |       |       |       |    10 ||    10
Invok: Call Merchant     |       |       |       |     1 ||     1
       Potion Petition   |       |       |       |     1 ||     1
Evoke: Condenser vane    |       |       |     1 |     5 ||     6
  Use: Potion            |     4 |       |     1 |     4 ||     9
       Scroll            |       |       |     1 |       ||     1
 Stab: Confused          |       |       |       |     3 ||     3
       Sleeping          |       |       |       |     1 ||     1
Armor: Robe              |       |       |     7 |     7 ||    14
Dodge: Dodged            |    11 |       |    11 |    42 ||    64

Table legend: (Time is in decaauts)
 A = Elapsed time spent in this place.
 B = Non-inter-level travel time spent in this place.
 C = Inter-level travel time spent in this place.
 D = Time resting spent in this place.
 E = Time spent auto-exploring this place.
 F = Levels seen in this place.
 G = Mean time per level.
                   A        B        C        D        E       F      G
               +--------+--------+--------+--------+--------+-----+--------+
         Total |   4801 |   4801 |      0 |   3237 |      6 |   1 | 4801.0 |
       Dungeon |   4801 |   4801 |      0 |   3237 |      6 |   1 | 4801.0 |
               +--------+--------+--------+--------+--------+-----+--------+

Top non-repeatable levels by time:
       D: 4801 daAuts
